BSA
SAN FRANCISCO BANDITS @ NASSAU ROCKETS
08/12/2026
 
TOP OF THE 1ST
San Francisco Bandits batting - Pitching for Nassau Rockets : RHP Valentín Luna
Pitching: RHP Valentín Luna
Batting: RHB Pete Rideout 0-0: Called Strike
0-1: Ground out 5-3 (Groundball, 5)
Batting: RHB Javier Ramírez 0-0: Foul Ball, location: 2F
0-1: Fly out, F9 (Flyball, 9D)
Batting: RHB Michael Elliott 0-0: Ball
1-0: Ball
2-0: Ball
3-0: Called Strike
3-1: Called Strike
3-2: Strikes out swinging
Top of the 1st over - 0 run(s), 0 hit(s), 0 error(s), 0 left on base; San Francisco 0 - Nassau 0
BOTTOM OF THE 1ST
Nassau Rockets batting - Pitching for San Francisco Bandits : RHP Fernando Llama
Pitching: RHP Fernando Llama
Batting: LHB Doug Thompson 0-0: Ball
1-0: Foul Ball, location: 2F
1-1: Ball
2-1: Swinging Strike
2-2: Ball
3-2: Foul Ball, location: 2F
3-2: Ground out U3 (Groundball, 3)
Batting: SHB Howard Parker 0-0: Ball
1-0: Called Strike
1-1: Ball
2-1: Ball
3-1: SINGLE (Groundball, 34D)
Batting: LHB Andrew Alvarado 0-0: Ball
1-0: Foul Ball, location: 2F
1-1: Ball
2-1: Called Strike
2-2: Foul Ball, location: 2F
2-2: 2-RUN HOME RUN (Flyball, 78XD), Distance : 386 ft
Batting: SHB Chris Bennis 0-0: Ball
1-0: Foul Ball, location: 2F
1-1: DOUBLE (Line Drive, 9LM)
Batting: LHB Don Ramey 0-0: Ball
1-0: Foul Ball, location: 2F
1-1: Ground out 4-3 (Groundball, 4M)
Chris Bennis to third
Batting: RHB José Hernández 0-0: Ball
1-0: Called Strike
1-1: Ground out 6-3 (Groundball, 6)
Bottom of the 1st over - 2 run(s), 3 hit(s), 0 error(s), 1 left on base; San Francisco 0 - Nassau 2
TOP OF THE 2ND
San Francisco Bandits batting - Pitching for Nassau Rockets : RHP Valentín Luna
Batting: LHB Jerry Bryan 0-0: Ball
1-0: SINGLE (Line Drive, 6MD)
Batting: LHB Francisco Calderón 0-0: Ball
1-0: Foul Ball, location: 2F
1-1: Ball
2-1: Grounds into double play, 4-6-3 (Groundball, 4)
Batting: RHB Bob Orr 0-0: Called Strike
0-1: Called Strike
0-2: Ball
1-2: Ground out 1-3 (Groundball, 13S)
Top of the 2nd over - 0 run(s), 1 hit(s), 0 error(s), 0 left on base; San Francisco 0 - Nassau 2
BOTTOM OF THE 2ND
Nassau Rockets batting - Pitching for San Francisco Bandits : RHP Fernando Llama
Batting: RHB Yaichiro Sugahara 0-0: Ball
1-0: Ball
2-0: Called Strike
2-1: Swinging Strike
2-2: Foul Ball, location: 2F
2-2: Strikes out swinging
Batting: LHB Rafael Delgado 0-0: Called Strike
0-1: SINGLE (Line Drive, 78S)
Batting: RHB Pete Harvey 0-0: Ball
1-0: Fly out, F7 (Flyball, 78M)
Batting: LHB Doug Thompson 0-0: Called Strike
0-1: 2-RUN HOME RUN (Flyball, 9D), Distance : 357 ft
Batting: SHB Howard Parker 0-0: Ball
1-0: Ball
2-0: Called Strike
2-1: Ball
3-1: Swinging Strike
3-2: Ground out 3-1 (Groundball, 34)
Bottom of the 2nd over - 2 run(s), 2 hit(s), 0 error(s), 0 left on base; San Francisco 0 - Nassau 4
TOP OF THE 3RD
San Francisco Bandits batting - Pitching for Nassau Rockets : RHP Valentín Luna
Batting: RHB Sadao Kato 0-0: Called Strike
0-1: Called Strike
0-2: Strikes out swinging
Batting: RHB Emílio Bruno 0-0: Ball
1-0: Called Strike
1-1: Called Strike
1-2: Ball
2-2: Ball
3-2: Strikes out swinging
Batting: RHB Dale Taylor 0-0: Ball
1-0: Ball
2-0: Foul Ball, location: 2F
2-1: Ball
3-1: DOUBLE (Line Drive, 7LS)
Batting: RHB Pete Rideout 0-0: Called Strike
0-1: Ball
1-1: Swinging Strike
1-2: Ball
2-2: Ball
3-2: Ground out 6-3 (Groundball, 6)
Top of the 3rd over - 0 run(s), 1 hit(s), 0 error(s), 1 left on base; San Francisco 0 - Nassau 4
BOTTOM OF THE 3RD
Nassau Rockets batting - Pitching for San Francisco Bandits : RHP Fernando Llama
Batting: LHB Andrew Alvarado 0-0: DOUBLE (Line Drive, 89D)
Batting: SHB Chris Bennis 0-0: Ball
1-0: Ball
2-0: Called Strike
2-1: Ball
3-1: Base on Balls
Batting: LHB Don Ramey 0-0: SINGLE (Groundball, 34D)
Andrew Alvarado to third
Chris Bennis to second
Batting: RHB José Hernández 0-0: Ball
1-0: Ball
2-0: Called Strike
2-1: Foul Ball, location: 2F
2-2: Fly out, F9 (Flyball, 89D)
Runner from 3rd tags up, SCORES, no throw
Batting: RHB Yaichiro Sugahara 0-0: Called Strike
0-1: Grounds into double play, 6-4-3 (Groundball, 6)
Bottom of the 3rd over - 1 run(s), 2 hit(s), 0 error(s), 1 left on base; San Francisco 0 - Nassau 5
TOP OF THE 4TH
San Francisco Bandits batting - Pitching for Nassau Rockets : RHP Valentín Luna
Batting: RHB Javier Ramírez 0-0: Ball
1-0: Foul Ball, location: 2F
1-1: Swinging Strike
1-2: Strikes out swinging
Batting: RHB Michael Elliott 0-0: Called Strike
0-1: Ground out 6-3 (Groundball, 6)
Batting: LHB Jerry Bryan 0-0: Called Strike
0-1: Called Strike
0-2: DOUBLE (Groundball, 3L)
Batting: LHB Francisco Calderón 0-0: Ball
1-0: Ball
2-0: Foul Ball, location: 2F
2-1: Foul Ball, location: 2F
2-2: Foul Ball, location: 2F
2-2: SINGLE (Line Drive, 89S)
Jerry Bryan to third
Runner from 3rd tries for Home, SAFE, no throw or cutoff
Batting: RHB Bob Orr 0-0: Called Strike
0-1: Ball
1-1: Fly out, F3 (Popup, 3SF)
Top of the 4th over - 1 run(s), 2 hit(s), 0 error(s), 1 left on base; San Francisco 1 - Nassau 5
BOTTOM OF THE 4TH
Nassau Rockets batting - Pitching for San Francisco Bandits : RHP Fernando Llama
Batting: LHB Rafael Delgado 0-0: Called Strike
0-1: Ball
1-1: Ball
2-1: SINGLE (Line Drive, 6)
Batting: RHB Pete Harvey 0-0: Swinging Strike
0-1: SINGLE (Line Drive, 4MD)
Rafael Delgado to second
Batting: LHB Doug Thompson 0-0: Called Strike
0-1: Called Strike
0-2: Ball
1-2: SINGLE (Groundball, 4MD)
Rafael Delgado to third
Pete Harvey to second
Batting: SHB Howard Parker 0-0: Ball
1-0: Called Strike
1-1: Called Strike
1-2: Ball
2-2: Fly out, F7 (Line Drive, 78S)
Batting: LHB Andrew Alvarado 0-0: Fly out, F9 (Flyball, 89XD)
Runner from 3rd tags up, SCORES, no throw
Pitching: RHP Mal Park
Now in RF: David Crespo
Batting: SHB Chris Bennis 0-0: SINGLE (Line Drive, 6MD)
Pete Harvey to third
Doug Thompson to second
Batting: LHB Don Ramey 0-0: Called Strike
0-1: Ball
1-1: Foul Ball, location: 2F
1-2: Foul Ball, location: 2F
1-2: Foul Ball, location: 2F
1-2: Fly out, F3 (Popup, 2L)
Bottom of the 4th over - 1 run(s), 4 hit(s), 0 error(s), 3 left on base; San Francisco 1 - Nassau 6
TOP OF THE 5TH
San Francisco Bandits batting - Pitching for Nassau Rockets : RHP Valentín Luna
Batting: RHB Sadao Kato 0-0: Ball
1-0: Called Strike
1-1: Foul Ball, location: 2F
1-2: Strikes out swinging
Batting: RHB Emílio Bruno 0-0: Called Strike
0-1: Foul Ball, location: 2F
0-2: Fly out, F5 (Popup, 15)
Batting: RHB Dale Taylor 0-0: Foul Ball, location: 2F
0-1: SOLO HOME RUN (Flyball, 7D), Distance : 357 ft
Batting: RHB Pete Rideout 0-0: Swinging Strike
0-1: Ball
1-1: Called Strike
1-2: Strikes out swinging
Top of the 5th over - 1 run(s), 1 hit(s), 0 error(s), 0 left on base; San Francisco 2 - Nassau 6
BOTTOM OF THE 5TH
Nassau Rockets batting - Pitching for San Francisco Bandits : RHP Mal Park
Batting: RHB José Hernández 0-0: Foul Ball, location: 2F
0-1: Ball
1-1: Ground out 5-3 (Groundball, 5S)
Batting: RHB Yaichiro Sugahara 0-0: Called Strike
0-1: Called Strike
0-2: Foul Ball, location: 2F
0-2: Ball
1-2: Ball
2-2: Foul Ball, location: 2F
2-2: Strikes out swinging
Batting: LHB Rafael Delgado 0-0: Ball
1-0: Called Strike
1-1: Foul Ball, location: 2F
1-2: Ball
2-2: SINGLE (Line Drive, 56D)
Batting: RHB Pete Harvey 0-0: Called Strike
0-1: Ball
1-1: Ground out 4-3 (Groundball, 34)
Bottom of the 5th over - 0 run(s), 1 hit(s), 0 error(s), 1 left on base; San Francisco 2 - Nassau 6
TOP OF THE 6TH
San Francisco Bandits batting - Pitching for Nassau Rockets : RHP Valentín Luna
Batting: RHB Javier Ramírez 0-0: Foul Ball, location: 2F
0-1: Swinging Strike
0-2: Ball
1-2: Foul Ball, location: 2F
1-2: Fly out, F7 (Flyball, 78S)
Batting: RHB David Crespo 0-0: Foul Ball, location: 2F
0-1: Foul Ball, location: 2F
0-2: Foul Ball, location: 2F
0-2: Strikes out swinging
Batting: LHB Jerry Bryan 0-0: Called Strike
0-1: Called Strike
0-2: Ball
1-2: Ball
2-2: SOLO HOME RUN (Flyball, 9D), Distance : 364 ft
Batting: LHB Francisco Calderón 0-0: Ball
1-0: SINGLE (Groundball, 6M)
Batting: RHB Bob Orr 0-0: Ball
1-0: Swinging Strike
1-1: Ball
2-1: Called Strike
2-2: Foul Ball, location: 2F
2-2: Foul Ball, location: 2F
2-2: Foul Ball, location: 2F
2-2: DOUBLE (Line Drive, 89D)
Francisco Calderón to third
Runner from 3rd tries for Home, SAFE, no throw or cutoff
Batting: RHB Sadao Kato 0-0: Fly out, F8 (Flyball, 8RXD)
Top of the 6th over - 2 run(s), 3 hit(s), 0 error(s), 1 left on base; San Francisco 4 - Nassau 6
BOTTOM OF THE 6TH
Nassau Rockets batting - Pitching for San Francisco Bandits : RHP Mal Park
Batting: LHB Doug Thompson 0-0: Ball
1-0: Called Strike
1-1: Swinging Strike
1-2: Foul Ball, location: 2F
1-2: Ball
2-2: Strikes out swinging
Batting: SHB Howard Parker 0-0: Called Strike
0-1: Ball
1-1: DOUBLE (Line Drive, 7LM)
Batting: LHB Andrew Alvarado 0-0: Foul Ball, location: 2F
0-1: Foul Ball, location: 2F
0-2: Ball
1-2: Foul Ball, location: 2F
1-2: Foul Ball, location: 2F
1-2: Ball
2-2: Fly out, F5 (Popup, 5F)
Batting: SHB Chris Bennis 0-0: Foul Ball, location: 2F
0-1: Ground out U3 (Groundball, 3S)
Bottom of the 6th over - 0 run(s), 1 hit(s), 0 error(s), 1 left on base; San Francisco 4 - Nassau 6
TOP OF THE 7TH
San Francisco Bandits batting - Pitching for Nassau Rockets : RHP Valentín Luna
Batting: RHB Emílio Bruno 0-0: Ball
1-0: SINGLE (Line Drive, 8RS)
Batting: RHB Dale Taylor 0-0: Ball
1-0: Swinging Strike
1-1: Ball
2-1: Foul Ball, location: 2F
2-2: Strikes out swinging
Batting: RHB Pete Rideout 0-0: Swinging Strike
0-1: Ball
1-1: Ball
2-1: Called Strike
2-2: SINGLE (Groundball, 6MD)
Emílio Bruno to second
Emílio Bruno to third
Pitching: RHP José García
Batting: RHB Javier Ramírez 0-0: Ball
1-0: Ball
2-0: Foul Ball, location: 2F
2-1: Foul Ball, location: 2F
2-2: Ball
3-2: Foul Ball, location: 2F
3-2: Fly out, F9 (Flyball, 9LM)
Runner from 3rd tags up, SCORES, no throw
Batting: RHB David Crespo 0-0: DOUBLE (Groundball, 5L)
Pete Rideout to third
Runner from 3rd tries for Home, throw and OUT!
Top of the 7th over - 1 run(s), 3 hit(s), 0 error(s), 1 left on base; San Francisco 5 - Nassau 6
BOTTOM OF THE 7TH
Nassau Rockets batting - Pitching for San Francisco Bandits : RHP Mal Park
Pitching: RHP Carlos Ruíz
Batting: LHB Don Ramey 0-0: Foul Ball, location: 2F
0-1: Ball
1-1: SOLO HOME RUN (Flyball, 9D), Distance : 345 ft
Batting: RHB José Hernández 0-0: Called Strike
0-1: Foul Ball, location: 2F
0-2: Ground out 4-3 (Groundball, 4)
Batting: RHB Yaichiro Sugahara 0-0: Called Strike
0-1: Ball
1-1: Ball
2-1: Foul Ball, location: 2F
2-2: Fly out, F9 (Flyball, 9D)
Batting: LHB Rafael Delgado 0-0: Called Strike
0-1: Ball
1-1: Ground out 3-1 (Groundball, 34)
Bottom of the 7th over - 1 run(s), 1 hit(s), 0 error(s), 0 left on base; San Francisco 5 - Nassau 7
TOP OF THE 8TH
San Francisco Bandits batting - Pitching for Nassau Rockets : RHP José García
Batting: LHB Jerry Bryan 0-0: Ball
1-0: Foul Ball, location: 2F
1-1: SINGLE (Line Drive, 7S)
Pitching: LHP Kai-ge Hui
Batting: LHB Francisco Calderón 0-0: Foul Ball, location: 2F
0-1: Called Strike
0-2: Strikes out swinging
Pitching: RHP Nolan Baker
Batting: RHB Bob Orr 0-0: Swinging Strike
0-1: Ball
1-1: Ball
2-1: Foul Ball, location: 2F
2-2: Strikes out swinging
Batting: RHB Sadao Kato 0-0: Fly out, F9 (Flyball, 89S)
Top of the 8th over - 0 run(s), 1 hit(s), 0 error(s), 1 left on base; San Francisco 5 - Nassau 7
BOTTOM OF THE 8TH
Nassau Rockets batting - Pitching for San Francisco Bandits : RHP Carlos Ruíz
Batting: RHB Pete Harvey 0-0: Foul Ball, location: 2F
0-1: Foul Ball, location: 2F
0-2: Fly out, F3 (Popup, 3DF)
Batting: LHB Doug Thompson 0-0: Called Strike
0-1: Foul Ball, location: 2F
0-2: Ball
1-2: Strikes out looking
Batting: SHB Howard Parker 0-0: Ball
1-0: Ball
2-0: Ball
3-0: Base on Balls
Batting: LHB Andrew Alvarado 0-0: Ball
Howard Parker steals 2nd base
1-0: Ball
2-0: Ground out 6-3 (Groundball, 6M)
Bottom of the 8th over - 0 run(s), 0 hit(s), 0 error(s), 1 left on base; San Francisco 5 - Nassau 7
TOP OF THE 9TH
San Francisco Bandits batting - Pitching for Nassau Rockets : RHP Nolan Baker
Pitching: RHP Terry Adams
Batting: RHB Emílio Bruno 0-0: Ball
1-0: Ball
2-0: Called Strike
2-1: Ball
3-1: Foul Ball, location: 2F
3-2: Strikes out swinging
Batting: RHB Dale Taylor 0-0: Ball
1-0: Ball
2-0: DOUBLE (Line Drive, 7LM)
Batting: RHB Pete Rideout 0-0: Called Strike
0-1: Fly out, F6 (Popup, 6MS)
Batting: RHB Javier Ramírez 0-0: Ball
1-0: Ball
2-0: Ball
3-0: Base on Balls
Batting: RHB David Crespo 0-0: Foul Ball, location: 2F
0-1: Swinging Strike
0-2: Ball
1-2: Ball
2-2: Foul Ball, location: 2F
2-2: Strikes out swinging
Top of the 9th over - 0 run(s), 1 hit(s), 0 error(s), 2 left on base; San Francisco 5 - Nassau 7
Monday, December 5th, 2016 - OOTP Baseball 17.12 Build 75